 Dungeon Crawl Stone Soup version 0.22.0-5-gf09313c (webtiles) character file.

326 Gravenous the Poker (level 6, -2/48 HPs)
             Began as a Merfolk Abyssal Knight on Aug 13, 2018.
             Was a Believer of Lugonu.
             Slain by Grinder (3 damage)
             ... while paralysed by Grinder
             ... on level 3 of the Dungeon.
             The game lasted 00:04:58 (1941 turns).

Gravenous the Poker (Merfolk Abyssal Knight)        Turns: 1941, Time: 00:04:59

Health: -2/48      AC:  5    Str: 12    XL:     6   Next: 49%
Magic:  8/8        EV:  2    Int: 12    God:    Lugonu [**....]
Gold:   51         SH:  0    Dex: 15    Spells: 5/5 levels left

rFire    . . .     SeeInvis .   a - +1 spear
rCold    + . .     Gourm    .   h - +1 buckler
rNeg     . . .     Faith    .   o - +0 ring mail
rPois    .         Spirit   .   (no helmet)
rElec    .         Reflect  .   (no cloak)
rCorr    .         Harm     .   (no gloves)
MR       .....                  (boots currently unavailable)
Stlth    ++........             n - amulet of regeneration
HPRegen  0.56/turn              l - +4 ring of evasion
MPRegen  0.11/turn              q - ring of protection from cold

@: paralysed, very quick
A: change form in water, swift swim, stealthy swim
a: Depart the Abyss, Bend Space, Renounce Religion


You were on level 3 of the Dungeon.
You worshipped Lugonu.
Lugonu was pleased with you.
You were very hungry.

You visited 1 branch of the dungeon, and saw 3 of its levels.
You visited the Abyss 1 time.
You also visited: Sewer.

You collected 51 gold pieces.

Inventory:

Hand Weapons
 a - a +1 spear (weapon)
Armour
 h - a +1 buckler (worn)
 o - a +0 ring mail (worn)
Jewellery
 l - a +4 ring of evasion (left hand)
 n - an amulet of regeneration (around neck)
 q - a ring of protection from cold (right hand)
Wands
 d - a wand of acid (8)
 r - a wand of flame (26)
Scrolls
 i - 2 scrolls of fear {unknown}
 k - 3 scrolls of teleportation
Potions
 b - a potion of lignification
 e - 3 potions of magic {unknown}
 f - 3 potions of might {unknown}
 g - a potion of heal wounds {unknown}
 j - a potion of curing {unknown}
 m - a potion of haste
 p - a potion of brilliance {unknown}
Comestibles
 c - 4 rations


   Skills:
 + Level 4.2 Fighting
 * Level 5.7 Polearms
 - Level 0.6 Armour
 + Level 4.2 Dodging
 * Level 3.0 Shields
 + Level 3.2 Invocations


You had 5 spell levels left.
You didn't know any spells.
Your spell library was empty.

Dungeon Overview and Level Annotations

Branches:
Dungeon (3/15)

Altars:
Kikubaaqudgha
Xom
Yredelemnul

Annotations:
D:3 Grinder


Message History

You hit Grinder but do no damage.
Your tail-slap misses Grinder.
Grinder is moderately wounded.
Grinder gestures at you.
You suddenly lose the ability to move!
Grinder gestures at you.
You shrug off the repeated paralysis!
Grinder hits you.
You writhe in agony.
A frilled lizard comes into view.
Grinder hits you. x2
You writhe in agony.
Grinder hits you.
You writhe in agony.
* * * LOW HITPOINT WARNING * * *
Grinder hits you.
* * * LOW HITPOINT WARNING * * *
You writhe in agony.
* * * LOW HITPOINT WARNING * * *
Grinder hits you.
* * * LOW HITPOINT WARNING * * *
You writhe in agony.
You die...

##### #...#.#
#...##########≈≈≈#.#
#............#≈≈≈#..
..........####≈≈≈#.##
#...#####.# #≈≈≈#.#
#...# #|####≈.≈#.# ....#
#....#≈≈≈#.# ....#
#.####≈≈≈# ....#####.#
#≈≈@# . ..........#
#≈≈5# ...
.....#.##.##.#...###..##
.......#.#.........5?..#
...............l####...#
.......##.##.##. ...
.....#.## ##.##. .
......... . .#.
#.####..#(# #.


You could see Grinder and a frilled lizard (wandering).

Vanquished Creatures
  3 big kobolds (Sewer)
  Ijyb (D:3)
  An adder (Sewer)
  2 oozes (Sewer)
  4 worms
  A dart slug (D:2)
  2 leopard geckos (D:3)
  3 orcs (D:3)
  6 bats
  6 giant cockroaches
  4 goblins
  2 hobgoblins (D:1)
  2 quokkas
  2 frilled lizards
  13 kobolds
  8 rats
60 creatures vanquished.

Notes
Turn   | Place    | Note
-------+----------+-------------------------------------------
     0 | Abyss:1  | Gravenous the Merfolk Abyssal Knight began the quest for the Orb.
     0 | Abyss:1  | Reached XP level 1. HP: 18/18 MP: 2/2
    43 | Abyss:1  | Noticed a rakshasa
   186 | Abyss:3  | Noticed a hell hound
   187 | D:1      | Escaped the Abyss
   278 | D:1      | Reached XP level 2. HP: 14/24 MP: 3/3
   302 | D:1      | Reached * piety under Lugonu
   936 | D:1      | Found a blossoming altar of Fedhas.
   938 | D:1      | Found a basalt altar of Yredelemnul.
   938 | D:1      | Found a deep blue altar of Sif Muna.
   940 | D:1      | Found an ancient bone altar of Kikubaaqudgha.
   940 | D:1      | Found a sparkling altar of Nemelex Xobeh.
   940 | D:1      | Found a shimmering altar of Xom.
  1184 | D:2      | Reached XP level 3. HP: 29/29 MP: 4/4
  1279 | D:3      | Reached skill level 1 in Shields
  1351 | D:3      | Noticed Ijyb
  1358 | D:3      | Reached skill level 4 in Polearms
  1363 | D:3      | Killed Ijyb
  1363 | D:3      | Reached XP level 4. HP: 31/37 MP: 5/5
  1541 | D:3      | Found a glowing drain.
  1547 | D:3      | Reached ** piety under Lugonu
  1557 | Sewer    | Entered a sewer
  1583 | Sewer    | Noticed a big kobold
  1605 | Sewer    | Killed a big kobold
  1605 | Sewer    | Reached XP level 5. HP: 34/42 MP: 5/7
  1692 | Sewer    | Reached skill level 5 in Polearms
  1714 | Sewer    | Noticed a big kobold
  1736 | Sewer    | Killed a big kobold
  1736 | Sewer    | Reached XP level 6. HP: 48/48 MP: 8/8
  1922 | D:3      | Noticed Grinder
  1934 | D:3      | Paralysed by Grinder for 7 turns
  1941 | D:3      | HP: 1/48 [Grinder (4)]
  1941 | D:3      | Slain by Grinder

Skill      XL: |  1  2  3  4  5  6 |
---------------+-------------------+-----
Dodging        | 3 4 |  4.2
Shields        | 1 2 3 |  3.0
Polearms       | 4 5 |  5.7
Fighting       | 4 |  4.2
Invocations    | 3 |  3.2
Armour         | |  0.6

Action                   |  1- 3 |  4- 6 || total
-------------------------+-------+-------++-------
Melee: Spear             |   100 |   168 ||   268
       Tailslap          |       |    19 ||    19
Invok: Depart the Abyss  |     1 |       ||     1
Evoke: Wand              |     3 |     1 ||     4
  Use: Scroll            |       |     5 ||     5
  Eat: Chunk             |     1 |     1 ||     2
Armor: Leather armour    |    10 |       ||    10
       Ring mail         |    15 |    12 ||    27
Dodge: Dodged            |    66 |    61 ||   127
Block: Buckler           |    11 |    26 ||    37
